 Dungeon Crawl Stone Soup version 0.29.0-11-gd7f09526c8 (webtiles) character file.

Game seed: 5450635389073743534

4 Rennog the Shield-Bearer (level 1, 0/18 HPs)
             Began as a Formicid Fighter on Sept 2, 2022.
             Slain by a bat (1 damage)
             ... on level 1 of the Dungeon.
             The game lasted 00:00:24 (128 turns).

Rennog the Shield-Bearer (Formicid Fighter)          Turns: 128, Time: 00:00:25

Health: 0/18       AC:  6    Str: 20    XL:     1   Next: 66%
Magic:  1/1        EV:  9    Int:  7    God:
Gold:   0          SH:  5    Dex: 13    Spells: 0/0 levels left

rFire   . . .      SeeInvis +   a - +0 flail
rCold   . . .      Faith    .   c - +0 buckler
rNeg    . . .      Spirit   .   b - +0 scale mail
rPois   .          Reflect  .   (helmet unavailable)
rElec   .          Harm     .   (no cloak)
rCorr   .          Rampage  .   (no gloves)
Will    .....                   (no boots)
Stlth   ..........              (no amulet)
HPRegen 0.06/turn               (no ring)
MPRegen 0.07/turn               (no ring)

@: no status effects
A: permanent stasis, dig shafts and tunnels, antennae 3, four strong arms
a: Dig, Shaft Self


You were on level 1 of the Dungeon.
You visited 1 branch of the dungeon, and saw 1 of its levels.

Inventory:

Hand Weapons
 a - a +0 flail (weapon)
Armour
 b - a +0 scale mail (worn)
 c - a +0 buckler (worn)
Potions
 d - a potion of might


   Skills:
 * Level 3.6 Fighting
 - Level 2.0 Maces & Flails
 - Level 3.2 Armour
 - Level 4.0 Shields


You couldn't memorise any spells.
You didn't know any spells.
Your spell library was empty.

Dungeon Overview and Level Annotations

Branches:
Dungeon (1/15)

Altars:


Innate Abilities, Weirdness & Mutations

You cannot be hasted, slowed, berserked, paralysed or teleported.
You can dig through walls and to a lower floor.
You have a pair of large antennae on your head. (SInv)
Your four strong arms can wield two-handed weapons with a shield.


Message History

You are too injured to fight recklessly!
You are too injured to fight recklessly!
You are too injured to fight recklessly!
You are too injured to fight recklessly!
You are too injured to fight recklessly!
You are too injured to fight recklessly!
You are too injured to fight recklessly!
You are too injured to fight recklessly!
You are too injured to fight recklessly!
You are too injured to fight recklessly!
You are too injured to fight recklessly!
The endoplasm freezes you.
You are frozen.
* * * LOW HITPOINT WARNING * * *
You see here a cyan potion.
The endoplasm attacks as you move away! You block the endoplasm's attack.
The gnoll attacks as you move away! You block the gnoll's attack.
The endoplasm attacks as you move away! The endoplasm completely misses you.
The endoplasm attacks as you move away! The endoplasm barely misses you.
The gnoll attacks as you move away! The gnoll hits you with a +0 whip.
* * * LOW HITPOINT WARNING * * *
The endoplasm attacks as you move away! The endoplasm completely misses you.
The endoplasm attacks as you move away! The endoplasm barely misses you.
The bat completely misses you. The endoplasm attacks as you move away!
The endoplasm misses you. The endoplasm attacks as you move away!
The endoplasm hits you but does no damage.
The bat hits you but does no damage. The bat closely misses you.
The bat attacks as you move away! You block the bat's attack.
The endoplasm attacks as you move away!
The endoplasm hits you but does no damage.
The bat hits you but does no damage.
The endoplasm jiggles.
The bat hits you but does no damage. The bat barely misses you.
A kobold comes into view. It is wielding a +0 club.
The kobold shouts!
The bat hits you.
You die...

..#..<..#...#....#..####.##.....#
#.#.....#.#.#.#.................#
#.#######.#.#.#..#..#.........!..
#.........#.#.#..##.#.#.###......
###########.#.#..##.g.#.........#
............#.#....J...........##
#####'#######.#...J............#
..............#.b................
#.########.## #.@.......#....#.##
.................#...#..#.)..#..
........................# ..
..............#...........
..............#.......###.
............. ........#
............ ..........
.....##..... ##...K....


You could see a gnoll, 2 endoplasms, a bat and a kobold.

Vanquished Creatures
  3 endoplasms (D:1)
3 creatures vanquished.

Notes
Turn   | Place    | Note
-------+----------+-------------------------------------------
     0 | D:1      | Rennog the Formicid Fighter began the quest for the Orb.
     0 | D:1      | Reached XP level 1. HP: 18/18 MP: 1/1
   128 | D:1      | Slain by a bat

Illustrated notes

Levels and vault maps discovered:
D:1:      matt_arrival_refuge, layout_rooms

Action                   || total
-------------------------++-------
Melee: Flail             ||     7
Armor: Scale mail        ||     7
Dodge: Dodged            ||    14
Block: Buckler           ||     3
